 Dungeon Crawl Stone Soup version 0.30.1-4-g462c640d31 (webtiles) character file.

Game seed: 4562240726328990621

294 arthad the Covered (level 6, -8/39 HPs)
             Began as a Gargoyle Fighter on Aug 31, 2023.
             Was an Initiate of Okawaru.
             Killed by divine providence
             ... invoked by an orc priest
              (14 damage)
             ... on level 5 of the Dungeon.
             The game lasted 00:06:34 (3610 turns).

arthad the Covered (Gargoyle Fighter)               Turns: 3610, Time: 00:06:35

Health: -8/39      AC: 15    Str: 22    XL:     6   Next: 34%
Magic:  6/6        EV: 10    Int:  8    God:    Okawaru [......]
Gold:   172        SH:  5    Dex: 15    Spells: 5/5 levels left

rFire   + . .        a - +0 flail
rCold   . . .        c - +0 buckler
rNeg    + . .        w - +2 ring mail {rF+}
rPois   ∞            H - +0 helmet
rElec   +            K - +1 cloak
rCorr   .            (no gloves)
SInv    .            (no boots)
Will    .....        (no amulet)
Stlth   +            i - +6 ring of dexterity
HPRegen 0.26/turn    (no ring)
MPRegen 0.10/turn

%: no passive effects
@: no status effects
A: sickness immunity, AC +4, negative energy resistance 1, electricity
resistance, torment resistance 1, petrification resistance
a: Renounce Religion


You were on level 5 of the Dungeon.
You worshipped Okawaru.
Okawaru was noncommittal.
You visited 2 branches of the dungeon, and saw 6 of its levels.

You collected 172 gold pieces.

Inventory:

Hand Weapons
 a - a +0 flail (weapon)
 h - a +4 hand axe
 x - a +1 whip of holy wrath
Missiles
 m - 2 poisoned darts (quivered)
Armour
 b - a +0 scale mail
 c - a +0 buckler (worn)
 w - a +2 ring mail of fire resistance (worn)
 H - a +0 helmet (worn)
 K - a +1 cloak (worn)
Magical Staves
 s - a staff of air
 D - a staff of fire
Jewellery
 i - a +6 ring of dexterity (left hand)
Wands
 I - a wand of polymorph (10)
 J - a wand of flame (36)
Scrolls
 e - a scroll of enchant armour {unknown}
 f - a scroll of vulnerability {unknown}
 g - 8 scrolls of identify {unknown}
 j - 2 scrolls of fog {unknown}
 k - 3 scrolls of teleportation {unknown}
 l - 4 scrolls of enchant weapon {unknown}
 o - a scroll of magic mapping {unknown}
 t - 2 scrolls of acquirement {unknown}
 v - 2 scrolls of silence {unknown}
 y - a scroll of amnesia {unknown}
 F - a scroll of brand weapon {unknown}
 L - 3 scrolls of torment {unknown}
Potions
 d - a potion of might
 n - 2 potions of berserk rage
 p - a potion of cancellation {unknown}
 q - a potion of invisibility {unknown}
 r - a potion of attraction {unknown}
 u - a potion of resistance {unknown}
 z - 2 potions of haste {unknown}
 A - 2 potions of flight {unknown}
 B - a potion of ambrosia {unknown}
 C - a potion of degeneration {unknown}
 E - 2 potions of magic {unknown}
 G - a potion of lignification {unknown}


   Skills:
 + Level 4.6 Fighting
 + Level 3.5 Maces & Flails
 + Level 4.7 Armour
 + Level 4.7 Shields


You had 5 spell levels left.
You didn't know any spells.
Your spell library contained the following spells:

 Spells                   Type           Power      Damage    Failure   Level
 Shock                    Conj/Air       0%         1d3       63%         1
 Lesser Beckoning         Tloc           0%         N/A       77%         2
 Gell's Gravitas          Tloc           0%         N/A       94%         3
 Swiftness                Air            0%         N/A       94%         3
 Teleport Other           Tloc           0%         N/A       94%         3
 Airstrike                Air            0%         2d(0-16)  100%        4
 Flame Wave               Conj/Fire      0%         2d4       100%        4
 Passage of Golubria      Tloc           0%         N/A       100%        4
 Irradiate                Conj/Tmut      0%         3d11      100%        5
 Yara's Violent Unravell  Hex/Tmut       0%         3d3       100%        5
 Summon Small Mammal      Summ           Unusable   N/A       N/A         1
 Call Canine Familiar     Summ           Unusable   N/A       N/A         3
 Summon Guardian Golem    Hex/Summ       Unusable   N/A       N/A         3
 Tukima's Dance           Hex            Unusable   N/A       N/A         3

Dungeon Overview and Level Annotations

Branches:
Dungeon (5/15)             Temple (1/1) D:4

Altars:
Ashenzari
Cheibriados
Dithmenos
Elyvilon
Fedhas
Hepliaklqana
Kikubaaqudgha
Makhleb
Nemelex Xobeh
Okawaru
Qazlal
Sif Muna
Uskayaw
Wu Jian
Xom
Yredelemnul
Zin

Shops:
D:1 :


Innate Abilities, Weirdness & Mutations

You are immune to sickness and miasma.
Your stone body is resilient. (AC +4)
You are immune to poison.
You resist negative energy. (rN+)
You are resistant to electric shocks. (rElec)
You are resistant to unholy torment.
You are immune to petrification.


Message History

No target in view!
No target in view!
No target in view!
No target in view!
No target in view!
No target in view!
No target in view!
An iguana comes into view.
The iguana hisses angrily.
An iguana is nearby!
Found 12 gold pieces.
An orc comes into view. It is wielding a +0 dagger.
Found a scroll labelled IDARY EPPOCI.
The iguana misses you.
An orc priest comes into view. It is wielding a +0 hand axe.
You closely miss the iguana.
The orc shouts!
The orc priest shouts!
You hear a shout!
The iguana bites you but does no damage.
An orc priest comes into view. It is wielding a +0 mace.
The orc priest shouts!
You hit the iguana but do no damage.
You hear a shout!
You block the iguana's attack.
The orc priest miscasts a cantrip.
You barely miss the iguana. You block the iguana's attack.
The orc hits you but does no damage.
The iguana bites you but does no damage.
The orc priest begins to cast a cantrip, but forgets the words!
You hit the iguana.
The iguana is lightly wounded.
The iguana bites you! The orc completely misses you.
You sock the iguana!
The iguana is heavily wounded.
The orc priest calls down the wrath of Beogh upon you.
Beogh smites you! The iguana bites you!
* * * LOW HITPOINT WARNING * * *
An orc priest comes into view. It is wielding a +0 dagger.
The orc priest invokes the aid of Beogh against you.
Beogh smites you!
You die...

.....##.#.#.#
.... ##....#####
... ##.#..... ..
##.#..### #
#.....#
#.....###...
##.###.##......#
#...........####
..##.o@#...#
#.....l.....#
..$.#...#...#
..#..o.o....# #
##...?....#
#.##.##.## ..
.#o .# ##. # #


You could see an iguana, 3 orc priests and an orc.

Vanquished Creatures
  2 orc priests
  2 iguanas
  An orc wizard (D:3)
  7 adders
  4 worms
  3 dart slugs
  9 orcs
  5 endoplasms
  5 giant cockroaches
  5 goblins
  5 hobgoblins
  5 jackals
  A quokka (D:4)
  5 ball pythons
  4 bats (D:1)
  7 kobolds
  6 rats
76 creatures vanquished.

Vanquished Creatures (others)
  A kobold (D:1)
1 creature vanquished.

Grand Total: 77 creatures vanquished

Notes
Turn   | Place    | Note
-------+----------+-------------------------------------------
     0 | D:1      | arthad the Gargoyle Fighter began the quest for the Orb.
     0 | D:1      | Reached XP level 1. HP: 14/14 MP: 1/1
   115 | D:1      | Reached XP level 2. HP: 16/19 MP: 2/2
   195 | D:1      | Got the Commentary on Violence
   327 | D:1      | Reached XP level 3. HP: 23/23 MP: 3/3
   420 | D:1      | Found Jaqea's Book Boutique.
  1158 | D:2      | Reached XP level 4. HP: 29/29 MP: 4/4
  1188 | D:2      | Found a faded altar of an unknown god.
  1279 | D:2      | Found a stormy altar of Qazlal.
  1944 | D:3      | Found a burning altar of Makhleb.
  2136 | D:3      | Reached XP level 5. HP: 13/33 MP: 5/5
  2618 | D:4      | Found a staircase to the Ecumenical Temple.
  2628 | Temple   | Entered the Ecumenical Temple
  2737 | Temple   | Became a worshipper of Warmaster Okawaru
  2776 | D:4      | Reached XP level 6. HP: 30/39 MP: 6/6
  3192 | D:4      | Found a white marble altar of Elyvilon.
  3584 | D:5      | Entered Level 5 of the Dungeon
  3610 | D:5      | Killed from afar by an orc priest

Illustrated notes

Levels and vault maps discovered:
D:1:      ncdulo_smallfort, layout_loops_ring, serial_shops, shop,
          nrook_mini_vaults, minmay_pentomino_s4
D:2:      layout_basic, basic_altar, shapermc_ecumenical_altar_mp_ritualfount,
          kennysheep_generic_room_16
D:3:      layout_loops_ring, nicolae_overflow_crystal_walls
D:4:      layout_loops_corners, mainiacjoe_overflow_catwalk,
          minmay_temple_entry_proselytizer, minmay_misc_feat_room,
          hangedman_abyss_or_decor_stagger
D:5:      layout_loops_ring, nicolae_ru_path_of_blood, chequers_garden
Temple:   eino_wide_crystal_templ

Skill      XL: |  1  2  3  4 |
---------------+-------------+-----
Armour         | 4 |  4.7
Shields        | 4 |  4.7
Fighting       | 4 |  4.6
Maces & Flails | 3 |  3.5

Action                     |  1- 3 |  4- 6 || total
---------------------------+-------+-------++-------
  Melee: Flail             |   122 |   158 ||   280
    Use: Potion            |       |     1 ||     1
 Armour: Scale mail        |    66 |       ||    66
         Ring mail         |       |    72 ||    72
  Dodge: Dodged            |    58 |    65 ||   123
  Block: Buckler           |    33 |    33 ||    66
